Map: Ascension to Aiur LE

Players

INnoVation - Winner!

  • Race: Terran Terran
  • League: Grandmaster
  • Spawn Location: 11:00

sunokasuri

  • Race: Terran Terran
  • League: Grandmaster
  • Spawn Location: 5:00

VOD

Have the link to the VOD?

Description

Time

  • Played on: Nov. 27, 2017, 7:54 a.m.
  • Length: 10:11
Show
View Real Time Build Order
Export as new Build Order

INnoVation Terran - Winner!

Build Orders: Reaper Expand, Mech 

Get SALT Encoding   

  12  0:00  SCV  
  13  0:12  SCV  
  14  0:17  Supply Depot  
  14  0:25  SCV  
  15  0:38  SCV  
  15  0:39  Barracks  
  16  0:44  Refinery  
  16  0:50  SCV  
  17  1:02  SCV  
  18  1:15  SCV  
  19  1:27  Orbital Command, Reaper  
  20  1:40  Command Center  
  20  1:51  Supply Depot  
  20  1:53  SCV  
  21  1:56  Refinery  
  21  1:59  Reaper  
  22  2:05  SCV  
  23  2:17  SCV  
  23  2:22  Factory  
  25  2:30  SCV  
  25  2:32  Barracks Reactor  
  25  2:42  SCV  
  26  2:52  Orbital Command  
  26  2:54  SCV  
  27  3:07  SCV  
  27  3:19  SCV  
  29  3:20  SCV  
  29  3:22  Hellion x2  
  29  3:24  Supply Depot  
  29  3:26  Command Center  
  32  3:32  SCV x2  
  34  3:43  Cyclone  
  34  3:44  SCV x2, Cyclone  
  34  3:46  Supply Depot  
  42  3:56  SCV x2  
  42  3:57  Refinery  
  42  3:58  Refinery  
  44  4:08  SCV x2  
  46  4:15  Cyclone  
  46  4:16  Cyclone  
  52  4:20  SCV x2  
  52  4:22  Armory  
  54  4:26  Armory  
  54  4:32  SCV x2  
  56  4:39  Orbital Command  
  56  4:45  SCV x2  
  58  4:48  Cyclone x2  
  64  4:57  SCV x2  
  64  4:58  Supply Depot  
  66  5:00  Barracks Tech Lab  
  66  5:06  Orbital Command  
  66  5:09  SCV x2  
  66  5:12  Terran Vehicle Weapons Level 1  
  66  5:13  Terran Vehicle And Ship Armor Level 1  
  68  5:21  SCV  
  68  5:22  SCV  
  68  5:25  Barracks Reactor  
  68  5:28  Siege Tank  
  71  5:32  SCV, Supply Depot  
  71  5:34  SCV x2  
  72  5:36  Factory  
  72  5:38  Factory  
  72  5:44  SCV  
  72  5:45  Refinery  
  72  5:46  SCV x2, Refinery  
  75  5:56  SCV  
  76  5:58  SCV x2  
  76  6:03  Siege Tank  
  81  6:04  Starport  
  81  6:08  Supply Depot  
  81  6:10  Barracks Reactor, SCV x3  
  83  6:22  SCV x3  
  83  6:25  Supply Depot, Infernal Pre-Igniter  
  86  6:26  Hellbat  
  86  6:27  Hellbat  
  86  6:31  Supply Depot  
  90  6:35  SCV x2  
  90  6:36  SCV  
  91  6:45  Siege Tank  
  94  6:51  Medivac x2  
  94  6:53  Supply Depot  
  98  6:55  Hellbat x3  
  98  6:56  Hellbat  
  98  6:58  SCV x2  
  98  6:59  SCV, Supply Depot  
  109  7:05  Engineering Bay  
  109  7:10  Terran Vehicle And Ship Armor Level 2, Terran Vehicle Weapons Level 2  
  109  7:13  SCV  
  109  7:14  SCV x2  
  112  7:18  Hellbat x3  
  112  7:19  Hellbat  
  112  7:22  Siege Tank  
  123  7:25  Medivac  
  123  7:27  Medivac  
  127  7:32  Supply Depot  
  127  7:33  Supply Depot  
  127  7:42  Factory, Hellbat x3  
  127  7:43  Factory  
  133  7:54  Hellbat  
  133  7:55  Supply Depot  
  135  7:59  Viking  
  135  8:00  Viking, Sensor Tower, Supply Depot  
  135  8:02  Missile Turret  
  135  8:03  Missile Turret  
  135  8:04  Siege Tank  
  138  8:15  Hellbat x4  
  116  8:35  Viking x2, Factory Tech Lab  
  116  8:36  Siege Tank, Factory Tech Lab  
  116  8:37  Command Center  
  123  8:47  Hellbat x4  
  118  9:03  Siege Tank  
  118  9:04  Siege Tank  
  118  9:08  Viking, Siege Tank, Hellbat x4  
  121  9:29  Hellbat x2  
  121  9:30  Hellbat x2  
  125  9:35  Siege Tank  
  125  9:36  Viking, Siege Tank  
  125  9:38  Viking  
  136  10:01  Refinery  
Show
View Real Time Build Order
Export as new Build Order

sunokasuri Terran 

Build Orders: Liberator Opening, Reaper Expand, Bio Tank 

Get SALT Encoding   

  12  0:00  SCV  
  13  0:13  SCV  
  14  0:17  Supply Depot  
  14  0:25  SCV  
  14  0:27  Refinery  
  15  0:38  SCV  
  16  0:44  Barracks  
  16  0:51  SCV  
  17  1:03  SCV  
  18  1:15  SCV  
  19  1:32  Orbital Command, Reaper  
  20  1:45  Command Center  
  20  1:58  Factory  
  20  2:00  SCV  
  21  2:06  Barracks Reactor  
  21  2:10  Refinery  
  21  2:12  SCV  
  22  2:18  Supply Depot  
  22  2:24  SCV  
  23  2:40  SCV  
  23  2:42  Hellion, Marine x2  
  28  2:47  Starport  
  28  2:52  SCV  
  29  3:00  Orbital Command  
  29  3:05  Factory Tech Lab  
  29  3:07  SCV  
  29  3:12  Marine  
  31  3:17  Liberator  
  31  3:19  SCV  
  32  3:26  Siege Tank  
  35  3:27  SCV  
  36  3:36  SCV  
  36  3:40  SCV  
  41  3:45  Supply Depot, Marine  
  42  3:49  Marine  
  42  3:51  SCV  
  42  3:52  SCV  
  45  4:04  SCV  
  45  4:06  SCV  
  46  4:16  Command Center, SCV  
  47  4:18  SCV  
  47  4:20  Siege Tank  
  51  4:28  SCV  
  51  4:30  SCV  
  53  4:31  Barracks Tech Lab, Bunker  
  53  4:34  Supply Depot  
  53  4:40  SCV  
  53  4:43  Barracks x2  
  53  4:44  Starport Reactor  
  54  4:52  Stimpack  
  54  4:55  SCV x2  
  54  4:57  Siege Tank, Supply Depot  
  59  5:06  Marine  
  60  5:07  SCV x2  
  60  5:11  Engineering Bay  
  60  5:13  Refinery  
  62  5:14  Engineering Bay  
  62  5:15  Refinery  
  62  5:19  SCV x2  
  64  5:32  Orbital Command, SCV x2  
  64  5:34  Starport Reactor  
  66  5:38  Siege Tank  
  66  5:39  Marine x3  
  70  5:44  SCV x2  
  70  5:45  Marine  
  70  5:46  Marine  
  74  5:54  Terran Infantry Weapons Level 1, Terran Infantry Armor Level 1  
  74  5:57  Marine x3  
  74  6:00  SCV x2  
  74  6:03  Marine  
  74  6:04  Orbital Command  
  79  6:05  Marine  
  79  6:06  Barracks  
  79  6:07  Barracks  
  80  6:14  Medivac x2  
  80  6:15  Marine  
  85  6:24  SCV x2, Supply Depot, Marine x3  
  90  6:26  Siege Tank  
  90  6:30  Orbital Command  
  90  6:32  Supply Depot  
  93  6:43  Marine x2  
  93  6:44  SCV  
  93  6:46  SCV  
  94  6:52  Marine x2  
  96  6:54  Barracks Tech Lab  
  96  6:55  Combat Shields  
  96  6:56  Barracks Tech Lab, SCV  
  96  6:58  SCV x2  
  99  7:07  Armory  
  99  7:08  SCV  
  100  7:09  Marine x3  
  100  7:10  Siege Tank, SCV x2  
  100  7:15  Concussive Shells  
  108  7:16  Marine  
  108  7:22  SCV x2, Marauder x2, Marine  
  116  7:23  SCV, Supply Depot x2  
  117  7:34  Refinery  
  117  7:35  Refinery  
  117  7:37  Supply Depot  
  117  7:40  Supply Depot  
  117  7:44  Medivac x2, SCV x3  
  117  7:49  Siege Tank  
  127  7:59  Supply Depot  
  127  8:00  Supply Depot  
  127  8:02  Marauder  
  127  8:03  Marauder  
  127  8:04  Marauder  
  127  8:05  SCV  
  134  8:06  Command Center  
  134  8:07  SCV x2  
  104  8:21  Marine x2  
  104  8:24  Marauder x2, Marine x3  
  104  8:25  Siege Tank  
  104  8:27  Viking  
  106  8:35  Viking  
  106  8:38  Marine x2  
  110  8:42  Marine x2  
  110  8:43  Marauder  
  110  8:45  Marauder, Marine  
  106  8:56  Marine x2  
  106  8:57  Refinery  
  106  9:00  SCV, Marine x2  
  104  9:03  SCV x2, Marauder  
  104  9:04  Marauder  
  104  9:07  Marauder  
  104  9:13  SCV  
  104  9:14  Marine x2  
  104  9:15  SCV x2  
  100  9:17  Marine x2  
  82  9:25  SCV, Marauder  
  82  9:26  Marauder  
  82  9:27  SCV x2  
  82  9:28  Marauder  
  77  9:32  Marine x2  
  77  9:37  SCV  
  75  9:39  SCV x2  
  74  9:49  SCV  
  74  9:51  SCV x2  
Tags
 
Add a new tag
Caveats
  • Supply blocks, unpowered buildings, or Contaminate may cause inaccurate times.
  • Supply counts are checked every 10 seconds.